Map: Ruins of Seras

Players

OverMinD

  • Race: Terran Terran
  • League: Master

Thor - Winner!

  • Race: Terran Terran
  • League: Master

VOD

Have the link to the VOD?

Description

Time

  • Played on: Dec. 17, 2015, 2:26 p.m.
  • Length: 13:26
Show
View Real Time Build Order
Export as new Build Order

OverMinD Terran 

Build Orders: Reaper Expand, MMM Bio 

Get SALT Encoding   

  12  0:01  SCV  
  13  0:13  SCV  
  14  0:18  Supply Depot  
  14  0:25  SCV  
  15  0:40  SCV  
  15  0:42  Barracks  
  16  0:50  Refinery  
  16  0:52  SCV  
  17  1:04  SCV  
  18  1:16  SCV  
  19  1:29  Orbital Command  
  19  1:33  Reaper  
  20  1:42  Command Center  
  20  1:55  SCV, Supply Depot  
  21  2:05  Barracks Reactor  
  21  2:07  SCV  
  22  2:19  SCV  
  23  2:29  Factory  
  23  2:31  SCV  
  24  2:43  Marine  
  24  2:44  Marine, SCV  
  26  2:56  Refinery  
  26  3:01  Marine x2  
  28  3:09  SCV  
  29  3:14  Hellion, Starport  
  29  3:15  Barracks  
  29  3:19  Supply Depot  
  31  3:33  Engineering Bay  
  31  3:34  Marine  
  31  3:41  Marine  
  31  3:43  Hellion  
  31  3:47  Bunker  
  32  3:51  Marine  
  33  3:56  Viking  
  30  4:10  Supply Depot  
  30  4:18  SCV  
  30  4:21  Missile Turret, Liberator  
  31  4:32  Hellion, SCV  
  31  4:36  Supply Depot  
  37  4:40  Barracks Tech Lab  
  37  4:44  Marine, SCV  
  39  4:57  Marine  
  39  5:00  SCV  
  39  5:02  Factory Tech Lab, Marine x2  
  42  5:13  Orbital Command  
  42  5:14  Marine  
  42  5:18  Missile Turret  
  42  5:19  Stimpack, Marine  
  44  5:24  SCV  
  44  5:25  Marine  
  46  5:33  Starport Reactor, Marine  
  47  5:36  SCV  
  47  5:37  Marine  
  49  5:45  SCV  
  49  5:47  Refinery  
  48  5:57  Marine x3  
  45  5:59  SCV  
  45  6:00  SCV, Siege Tank  
  50  6:10  Supply Depot  
  50  6:11  SCV  
  50  6:14  Medivac  
  50  6:15  Medivac  
  50  6:16  SCV  
  56  6:23  Marine, SCV  
  56  6:24  Marine x2  
  59  6:28  SCV  
  60  6:35  Barracks, SCV  
  60  6:36  Barracks  
  61  6:40  SCV  
  61  6:41  Marine x2  
  61  6:43  Barracks  
  64  6:48  SCV  
  65  6:56  SCV  
  65  6:58  Medivac x2  
  70  7:06  Supply Depot x2  
  70  7:08  Marine  
  70  7:12  SCV  
  70  7:13  SCV  
  70  7:14  Marine  
  70  7:17  Marine  
  69  7:26  Marine  
  69  7:28  Barracks Reactor  
  66  7:30  Barracks Reactor, Medivac x2  
  66  7:31  Marine, SCV  
  72  7:44  Marine x2  
  72  7:45  Barracks Reactor  
  72  7:47  Command Center  
  72  7:50  Marauder  
  72  7:51  SCV  
  77  7:54  SCV  
  78  7:58  Supply Depot  
  78  8:02  Marine x2  
  78  8:03  SCV  
  78  8:04  Marine x2  
  83  8:06  Marine x2  
  83  8:11  Marine  
  86  8:14  Refinery  
  86  8:15  Supply Depot x2  
  86  8:20  Marine, SCV x2  
  89  8:28  Marine x3  
  89  8:29  Marauder  
  94  8:36  Marine x3, SCV x2  
  94  8:38  Supply Depot  
  99  8:41  Supply Depot  
  96  8:48  SCV  
  96  8:49  Marine, SCV  
  96  8:50  Marine x3  
  96  8:54  Marine x2  
  105  8:59  Marine  
  105  9:01  Orbital Command, SCV x2  
  107  9:04  Marine  
  108  9:10  Terran Infantry Weapons Level 1  
  108  9:12  Marine  
  108  9:13  SCV  
  108  9:14  Engineering Bay  
  108  9:15  Combat Shields  
  108  9:16  Marine  
  110  9:22  SCV  
  110  9:23  Marine x3  
  110  9:24  Marine  
  115  9:25  Marine, SCV  
  115  9:30  Refinery  
  117  9:36  Marine, Marauder  
  120  9:39  Marine  
  120  9:43  Marine  
  120  9:45  Marine x4  
  123  9:56  Marine x2  
  123  9:57  Marine, Medivac x2  
  123  9:58  Marine  
  131  10:01  Marine  
  131  10:02  SCV x2  
  131  10:03  Marine  
  135  10:07  Marine  
  135  10:13  Siege Tank  
  139  10:16  Marauder  
  139  10:18  Factory  
  139  10:21  Factory  
  141  10:27  Marine x2  
  141  10:28  Marine  
  141  10:29  SCV  
  139  10:37  Marauder  
  139  10:41  Marine x2  
  139  10:42  Marine x3  
  112  10:45  Marine  
  112  10:46  Marine  
  112  10:47  Marine  
  112  10:49  Siege Tank  
  107  10:58  Marine  
  107  10:59  Marine x5  
  107  11:03  Marine  
  113  11:04  Marine  
  113  11:05  Marine  
  115  11:16  Marine  
  115  11:17  Marine x5  
  116  11:18  Factory Tech Lab x2  
  116  11:19  SCV  
  116  11:20  Marine  
  116  11:21  Siege Tank  
  116  11:22  Marine  
  116  11:23  Marine  
  123  11:26  SCV  
  123  11:27  SCV  
  125  11:34  Command Center, Marine x2  
  125  11:35  Marine x3  
  125  11:37  Siege Tank x2  
  136  11:44  Marine  
  136  11:45  Armory  
  136  11:46  Missile Turret, Marine x2  
  139  11:48  Missile Turret  
  139  11:50  Missile Turret, Marine  
  139  11:52  Marine, Marauder  
  139  11:53  Marine  
  141  11:54  Marine  
  141  11:59  Siege Tank  
  140  12:01  Marine  
  141  12:20  Marine  
  141  12:23  Supply Depot  
  141  12:25  Supply Depot  
  141  12:26  Marine  
  141  12:32  Marine x2  
  141  12:38  Marine x2  
  139  12:45  Siege Tank x3  
  148  12:55  Marine x3  
  151  13:05  Marine x5  
Show
View Real Time Build Order
Export as new Build Order

Thor Terran - Winner!

Build Orders: 1/1/1, MMM Bio, Banshee Rush 

Get SALT Encoding   

  12  0:01  SCV  
  13  0:13  SCV  
  14  0:18  Supply Depot  
  14  0:25  SCV  
  15  0:29  Refinery  
  15  0:40  SCV  
  16  0:47  Barracks  
  16  0:53  SCV  
  17  1:05  SCV  
  18  1:13  Refinery  
  18  1:17  SCV  
  19  1:35  Orbital Command  
  19  1:36  Reaper  
  20  1:43  Factory  
  20  1:53  Supply Depot  
  20  2:01  SCV  
  21  2:09  Reaper  
  21  2:13  SCV  
  23  2:25  SCV  
  23  2:29  Hellion, Starport  
  26  2:37  SCV  
  26  2:42  Supply Depot  
  26  2:50  SCV  
  27  2:54  Hellion  
  29  3:01  Barracks Tech Lab  
  29  3:02  SCV  
  30  3:15  SCV  
  31  3:22  Command Center  
  31  3:30  Barracks Reactor  
  31  3:46  SCV  
  31  3:47  Cloaking Field, Banshee  
  35  3:59  SCV  
  32  4:10  Marine x2  
  32  4:11  Factory Tech Lab, SCV  
  32  4:15  Supply Depot  
  33  4:19  Barracks  
  33  4:23  SCV  
  34  4:28  Marine x2  
  34  4:29  Cyclone  
  39  4:34  Raven  
  39  4:35  SCV  
  39  4:38  Orbital Command  
  42  4:47  SCV  
  42  4:51  Marine x2  
  45  4:59  SCV  
  43  5:04  Barracks, Siege Tank  
  46  5:11  SCV  
  46  5:13  Marine x2  
  49  5:17  SCV  
  50  5:24  Marine  
  50  5:25  Stimpack  
  51  5:31  Starport Reactor, SCV  
  51  5:32  SCV  
  51  5:33  Marine x2  
  55  5:41  Siege Tank  
  55  5:42  Marine  
  55  5:50  SCV x2  
  57  6:01  Marine x3  
  57  6:02  SCV  
  57  6:04  SCV  
  62  6:15  Starport Reactor  
  62  6:16  Engineering Bay  
  62  6:17  Command Center  
  62  6:18  Refinery x2, Engineering Bay  
  62  6:30  Supply Depot  
  62  6:32  Supply Depot  
  62  6:51  Terran Infantry Armor Level 1, Terran Infantry Weapons Level 1, Marine x3, SCV x2, Siege Tank  
  62  6:53  Marine x2  
  62  6:54  Medivac  
  74  6:57  Medivac  
  76  7:03  SCV x2, Supply Depot  
  76  7:04  Supply Depot  
  69  7:26  Combat Shields  
  69  7:28  Siege Tank  
  69  7:29  Marine x4  
  71  7:31  SCV x2  
  71  7:33  Marine  
  71  7:34  Medivac  
  77  7:40  Orbital Command  
  77  7:45  Armory  
  77  7:51  Supply Depot  
  77  7:53  SCV x2  
  77  7:54  Supply Depot  
  77  7:55  Orbital Command, Marine x2  
  81  8:00  Marine x3  
  84  8:05  SCV  
  85  8:17  Supply Depot  
  85  8:18  Barracks  
  85  8:20  Barracks  
  85  8:28  SCV x3  
  85  8:29  Marine x4  
  85  8:30  Marine, Siege Tank  
  96  8:41  SCV x3  
  96  8:43  Medivac  
  96  8:47  Marine x3  
  103  8:53  Terran Infantry Armor Level 2, Terran Infantry Weapons Level 2, SCV x2  
  103  8:54  Marine  
  103  8:55  Marine  
  106  8:57  SCV  
  107  9:05  SCV  
  107  9:06  Marine x3  
  107  9:08  Barracks Reactor x2  
  110  9:13  Supply Depot  
  110  9:14  Supply Depot  
  110  9:17  SCV x3  
  110  9:18  Marine x2  
  110  9:21  Siege Tank  
  118  9:24  Marine, Medivac  
  118  9:29  SCV  
  122  9:35  Marine x2  
  122  9:36  Marine x2  
  125  9:39  Medivac  
  125  9:45  Supply Depot x2  
  127  9:46  Command Center  
  127  9:48  Marine  
  127  9:49  Marine, Refinery x2  
  129  10:01  Marine x3  
  129  10:02  Marine x3, Factory  
  135  10:09  Marine x3  
  138  10:18  SCV x2  
  140  10:23  Marine x2  
  140  10:24  Marine x4  
  140  10:26  Barracks x2  
  145  10:42  Marine x4  
  129  10:46  Marine x4  
  129  10:47  Marine  
  129  10:59  Marine  
  129  11:00  Marine x2  
  132  11:07  Factory Tech Lab, Marine x2  
  132  11:08  Marine x4  
  132  11:09  Medivac x2, Siege Tank  
  144  11:17  Marine x2  
  144  11:18  Barracks Reactor, Marine  
  144  11:19  Barracks Reactor  
  144  11:25  Marine x2  
  144  11:26  Command Center  
  146  11:39  Refinery  
  146  11:43  Refinery  
  146  11:52  Planetary Fortress  
  146  11:56  SCV x3  
  148  12:03  Sensor Tower  
  148  12:08  SCV  
  148  12:11  Sensor Tower  
  148  12:12  Missile Turret  
  148  12:15  Missile Turret, Marine x3  
  152  12:33  Missile Turret  
  152  12:36  Missile Turret  
  144  13:01  Marine x11  
  144  13:02  Marine x2  
  159  13:16  Command Center  
  165  13:22  Supply Depot  
  165  13:24  Supply Depot  
  165  13:26  Supply Depot  
Tags
 
Add a new tag
Caveats
  • Supply blocks, unpowered buildings, or Contaminate may cause inaccurate times.
  • Supply counts are checked every 10 seconds.